Map: Dasan Station LE

Players

Harstem

  • Race: Protoss Protoss
  • League: Master

Elazer - Winner!

  • Race: Zerg Zerg
  • League: Grandmaster

Event: Polygon Gaming Invitational 3

VOD

Have the link to the VOD?

Description

Time

  • Played on: July 23, 2016, 2:57 p.m.
  • Length: 4:25

All games in this series

Show
View Real Time Build Order
Export as new Build Order

Harstem Protoss 

Build Orders: 1 Gate Expand 

Get SALT Encoding   

  12  0:01  Probe (Chrono Boost)  
  13  0:11  Probe (Chrono Boost)  
  14  0:17  Pylon  
  14  0:22  Probe (Chrono Boost)  
  15  0:36  Probe (Chrono Boost)  
  15  0:37  Gateway  
  16  0:46  Probe (Chrono Boost)  
  16  0:49  Assimilator  
  18  0:57  Probe (Chrono Boost)  
  18  1:05  Gateway  
  18  1:07  Probe (Chrono Boost)  
  19  1:24  Cybernetics Core  
  19  1:43  Nexus  
  19  1:55  Warp Gate  
  19  2:00  Adept  
  19  2:01  Adept  
  23  2:05  Pylon  
  23  2:28  Adept x2  
  23  2:29  Probe (Chrono Boost)  
  28  2:35  Assimilator  
  28  2:41  Probe (Chrono Boost)  
  29  2:53  Probe (Chrono Boost)  
  29  2:55  Twilight Council  
  29  2:58  Probe (Chrono Boost)  
  31  3:00  Pylon  
  32  3:07  Probe (Chrono Boost)  
  32  3:23  Gateway  
  32  3:25  Gateway  
  32  3:29  Pylon  
  33  3:36  Mothership Core (Chrono Boost)  
  34  3:44  Probe (Chrono Boost)  
  35  3:54  Probe (Chrono Boost)  
  35  4:02  Adept  
  33  4:06  Probe (Chrono Boost)  
  23  4:20  Adept  
Show
View Real Time Build Order
Export as new Build Order

Elazer Zerg - Winner!

Build Orders: Hatch First 

Get SALT Encoding   

  12  0:00  Drone  
  13  0:12  Overlord  
  13  0:17  Drone  
  14  0:31  Drone x2  
  14  0:35  Drone  
  17  0:52  Hatchery  
  17  0:54  Drone  
  17  0:57  Drone  
  18  1:07  Extractor  
  17  1:12  Spawning Pool  
  17  1:14  Drone  
  17  1:18  Drone  
  18  1:28  Drone  
  19  1:39  Overlord  
  19  2:00  Queen  
  21  2:01  Zergling x2  
  21  2:02  Zergling x2  
  21  2:04  Queen  
  21  2:07  Zergling x2  
  21  2:08  Metabolic Boost  
  26  2:17  Zergling x4  
  28  2:25  Zergling x2  
  28  2:27  Zergling x2  
  30  2:32  Zergling x2  
  31  2:38  Queen  
  33  2:51  Pneumatized Carapace  
  33  2:53  Overlord  
  33  2:55  Evolution Chamber  
  32  2:58  Zergling x4  
  32  2:59  Zergling x4  
  36  3:06  Overlord  
  36  3:13  Zergling x10  
  36  3:19  Zergling x4  
  43  3:29  Zergling x4  
  45  3:46  Zergling x14  
  52  3:54  Zergling x2  
  47  4:04  Zergling x2  
  47  4:05  Zergling x6  
Tags
 
Add a new tag
Caveats
  • Supply blocks, unpowered buildings, or Contaminate may cause inaccurate times.
  • Supply counts are checked every 10 seconds.